Map: Ascension to Aiur LE

Players

Dessa - Winner!

  • Race: Zerg Zerg
  • League: Diamond
  • Spawn Location: 5:00

DavidMcF

  • Race: Terran Terran
  • League: Diamond
  • Spawn Location: 11:00

VOD

Have the link to the VOD?

Description

Time

  • Played on: Dec. 17, 2017, 8:44 a.m.
  • Length: 20:04
Show
View Real Time Build Order
Export as new Build Order

Dessa Zerg - Winner!

Build Orders: Hatch First 

Get SALT Encoding   

  12  0:01  Drone  
  13  0:13  Overlord  
  13  0:17  Drone  
  14  0:31  Drone x2  
  14  0:35  Drone  
  17  0:52  Hatchery  
  17  0:57  Drone  
  17  0:59  Extractor  
  17  1:01  Drone  
  17  1:16  Spawning Pool  
  17  1:18  Drone  
  17  1:25  Drone  
  18  1:31  Drone  
  19  1:40  Overlord  
  19  2:02  Queen  
  19  2:03  Metabolic Boost  
  19  2:04  Zergling x2  
  19  2:05  Drone, Zergling x2  
  24  2:14  Spine Crawler  
  23  2:19  Queen  
  24  3:09  Drone  
  24  3:12  Drone, Extractor  
  25  3:33  Drone x9  
  25  3:34  Drone  
  35  3:37  Overlord  
  35  3:55  Hatchery  
  35  3:57  Overlord  
  34  4:04  Zergling x10  
  34  4:05  Zergling x8  
  42  4:13  Lair  
  42  4:14  Extractor x2  
  42  4:15  Drone  
  42  4:16  Drone  
  42  4:20  Drone  
  42  4:22  Drone  
  44  4:26  Drone  
  44  4:31  Drone  
  46  4:34  Drone x2  
  46  4:35  Drone  
  49  4:39  Drone  
  49  4:42  Drone  
  49  4:43  Drone  
  49  4:44  Baneling Nest  
  51  4:46  Overlord  
  51  5:01  Overlord x2  
  51  5:08  Queen  
  51  5:11  Drone x3  
  51  5:12  Drone x2  
  58  5:17  Overlord x2  
  57  6:08  Drone  
  57  6:09  Spire  
  57  6:10  Drone x4  
  57  6:11  Drone x4, Overlord  
  65  6:12  Overlord  
  65  6:13  Zergling x8  
  69  6:27  Drone, Evolution Chamber  
  69  6:28  Drone, Overlord, Evolution Chamber  
  69  6:31  Drone  
  69  6:32  Drone  
  71  6:35  Drone x3  
  71  6:36  Extractor  
  71  6:38  Extractor  
  72  6:51  Drone x3  
  72  6:52  Drone x3  
  72  6:53  Overlord  
  78  6:55  Zergling x2  
  78  6:56  Zergling x8  
  78  6:59  Queen x3  
  89  7:03  Zerg Ground Armor Level 1, Zerg Melee Weapons Level 1  
  82  7:28  Mutalisk x8  
  82  7:29  Mutalisk x4  
  106  7:32  Zergling x2  
  106  7:36  Zergling x2  
  108  7:41  Drone x4  
  112  7:52  Mutalisk  
  112  7:53  Mutalisk x2  
  118  8:02  Zerg Flyer Weapons Level 1, Overlord x2  
  118  8:17  Hatchery  
  117  8:24  Zergling x4  
  117  8:25  Zergling x10  
  124  8:44  Zergling x4  
  122  8:58  Zergling x10  
  122  8:59  Zergling x4  
  129  9:05  Zergling x16  
  129  9:09  Zerg Ground Armor Level 2, Zerg Melee Weapons Level 2  
  137  9:32  Zergling x12  
  137  9:34  Baneling x3  
  137  9:35  Baneling x14  
  137  9:36  Baneling x13  
  137  9:38  Overlord x3  
  143  9:53  Overlord x2  
  143  10:05  Centrifical Hooks  
  143  10:09  Zergling x10  
  109  10:41  Hatchery  
  108  10:45  Drone x6  
  108  10:46  Drone x9  
  108  10:47  Drone  
  124  11:04  Queen  
  126  11:17  Zergling x6, Extractor  
  126  11:18  Zergling x12  
  134  11:20  Extractor  
  121  11:40  Drone  
  121  11:41  Infestation Pit  
  121  11:48  Drone x3  
  121  11:49  Drone  
  121  11:50  Drone x2, Zergling x2  
  121  11:51  Zergling x10  
  121  11:53  Baneling  
  133  11:54  Baneling x3  
  133  11:55  Baneling x7  
  133  11:56  Baneling x8  
  133  11:57  Zergling x4  
  135  12:25  Hive  
  133  12:35  Drone x2, Extractor  
  133  12:36  Drone x3  
  137  13:00  Hatchery  
  137  13:01  Extractor  
  137  13:04  Extractor  
  134  13:07  Mutalisk x6  
  134  13:08  Mutalisk x8  
  134  13:10  Zergling x6  
  134  13:11  Zergling x12  
  134  13:12  Overlord x2  
  171  13:47  Zergling x8  
  171  13:48  Zergling x26  
  138  14:13  Zergling x2  
  138  14:14  Zergling x6  
  132  14:32  Zergling x2  
  132  14:33  Zergling x26  
  132  14:36  Greater Spire  
  147  15:00  Drone x3  
  147  15:01  Corruptor x6  
  147  15:02  Corruptor x2  
  147  15:06  Baneling  
  147  15:07  Baneling x8  
  165  15:08  Baneling x8  
  165  15:09  Baneling x7  
  165  15:10  Baneling  
  165  15:11  Zergling x6  
  165  15:12  Zergling x4, Corruptor x5  
  180  15:26  Corruptor x3  
  180  15:27  Corruptor  
  189  15:28  Zergling x8  
  189  15:29  Zergling x4  
  194  15:50  Brood Lord x2  
  198  16:06  Baneling  
  198  16:07  Baneling x9  
  198  16:08  Baneling x3  
  149  16:38  Brood Lord x2  
  149  16:39  Brood Lord x6  
  165  16:40  Corruptor x5  
  165  16:41  Corruptor  
  165  16:42  Zergling x6  
  165  16:43  Zergling x26  
  185  17:25  Zergling x26  
  198  17:34  Zerg Flyer Weapons Level 2  
  198  17:42  Baneling x7  
  198  17:43  Baneling x3  
  198  18:10  Corruptor  
  170  18:27  Corruptor  
  170  18:28  Corruptor x7  
  181  18:41  Zergling x2  
  176  18:55  Brood Lord x4  
  173  19:05  Zergling x6  
  173  19:06  Zergling x6  
  176  19:21  Zergling x8  
  176  19:22  Zergling x16  
  176  19:23  Zergling x2  
Show
View Real Time Build Order
Export as new Build Order

DavidMcF Terran 

Build Orders: Reaper Expand, MMM Bio 

Get SALT Encoding   

  12  0:01  SCV  
  13  0:13  SCV  
  14  0:17  Supply Depot  
  14  0:25  SCV  
  15  0:39  SCV  
  15  0:40  Barracks  
  16  0:45  Refinery  
  16  0:51  SCV  
  17  1:03  SCV  
  18  1:15  SCV  
  19  1:27  Orbital Command  
  19  1:28  Reaper  
  20  1:45  Command Center  
  20  1:53  SCV  
  21  1:59  Supply Depot  
  21  2:00  Marine  
  22  2:07  Bunker  
  22  2:12  SCV  
  23  2:21  Barracks Reactor  
  23  2:23  Factory  
  23  2:25  SCV  
  24  2:40  SCV  
  25  2:44  Refinery  
  25  2:50  Barracks  
  25  2:53  Barracks  
  25  2:56  Orbital Command  
  24  3:06  Bunker  
  24  3:08  SCV  
  25  3:24  SCV x2  
  27  3:28  Hellion  
  27  3:29  Hellion  
  27  3:33  Barracks Tech Lab  
  31  3:39  Marine  
  31  3:40  Marine  
  31  3:41  SCV  
  34  3:45  Supply Depot  
  33  3:59  Hellion  
  33  4:00  Hellion, Marine x2  
  33  4:01  Marine  
  33  4:02  SCV  
  41  4:10  Supply Depot x2  
  41  4:11  SCV  
  42  4:17  Starport  
  42  4:21  SCV  
  42  4:22  Marine  
  44  4:26  SCV  
  45  4:33  SCV  
  45  4:35  Marine x2  
  50  4:39  Cyclone  
  50  4:40  Marine  
  50  4:42  Cyclone  
  55  4:48  SCV x2  
  57  4:59  Marine x3  
  60  5:00  SCV  
  60  5:01  SCV  
  60  5:04  Medivac  
  64  5:13  SCV x2  
  66  5:18  Barracks Reactor  
  66  5:19  Marine, Barracks Reactor  
  66  5:20  Stimpack  
  67  5:25  SCV x2  
  69  5:35  Supply Depot, Cyclone  
  72  5:39  SCV  
  72  5:40  Medivac  
  75  5:43  Supply Depot  
  75  5:44  SCV  
  75  5:49  Marine  
  75  6:11  Marine x2  
  75  6:12  Marine x2, Starport Reactor  
  75  6:14  Marine  
  75  6:17  SCV, Factory Tech Lab  
  81  6:19  Barracks  
  81  6:29  Marine  
  81  6:32  SCV x2  
  84  6:35  Armory  
  84  6:39  Command Center  
  84  6:44  Refinery x2, SCV x2  
  86  6:48  Engineering Bay  
  86  6:49  Engineering Bay  
  86  6:56  Marine x3  
  86  6:57  Marine x2  
  86  7:00  Siege Tank  
  94  7:13  Medivac  
  90  7:21  Combat Shields  
  78  7:23  Marine  
  78  7:24  Marine x5  
  78  7:25  Marine  
  85  7:31  SCV  
  85  7:32  Siege Tank  
  89  7:38  Terran Infantry Weapons Level 1  
  89  7:46  Marine x4  
  93  7:52  Orbital Command  
  93  7:58  Terran Infantry Armor Level 1  
  93  8:00  Terran Vehicle Weapons Level 1  
  93  8:01  SCV x2  
  93  8:03  Marine x3  
  93  8:05  Marine x3  
  100  8:07  Siege Tank  
  104  8:17  Orbital Command  
  104  8:28  Marine x4  
  104  8:29  Marine  
  104  8:34  Marine  
  101  8:58  SCV x3  
  104  9:08  Marine x5  
  109  9:10  Missile Turret  
  109  9:14  SCV, Marine  
  109  9:15  SCV, Marine  
  107  9:17  Missile Turret  
  107  9:23  Thor  
  109  9:28  Marine  
  109  9:29  Marine x2  
  109  9:34  Missile Turret  
  109  9:36  Missile Turret  
  109  9:38  Marine x4  
  113  9:46  Marine  
  113  9:47  Marine x2  
  113  9:48  Missile Turret  
  113  9:49  Missile Turret  
  116  9:56  Marine  
  117  10:20  Marine x2  
  69  10:29  Marine  
  69  10:30  Marine x4  
  69  10:32  Factory Tech Lab  
  72  10:38  Marine  
  72  10:39  Marine  
  72  10:40  Medivac x2  
  76  10:43  SCV x3, Terran Infantry Armor Level 2  
  76  10:44  Terran Infantry Weapons Level 2  
  76  10:47  Marine  
  76  10:49  Terran Vehicle Weapons Level 2  
  80  10:50  Marine x3  
  83  10:57  SCV  
  83  10:59  Bunker  
  83  11:03  SCV x2  
  86  11:09  SCV  
  86  11:11  Marine x2  
  89  11:12  Missile Turret  
  89  11:14  Marine x3  
  89  11:16  Marine  
  93  11:22  Siege Tank  
  95  11:35  Marine x4  
  95  11:36  Marine x3  
  95  11:39  Medivac x2  
  106  11:42  SCV x2  
  108  11:49  SCV  
  108  11:52  Supply Depot  
  108  11:53  Marine x4  
  113  11:57  Siege Tank  
  113  11:59  Supply Depot  
  116  12:10  Supply Depot  
  113  12:23  Marine x2  
  113  12:24  Marine x5  
  113  12:26  SCV  
  121  12:35  Siege Tank  
  121  12:36  Supply Depot  
  124  12:41  Marine x3  
  127  12:44  Barracks  
  127  12:46  Barracks  
  127  12:48  SCV x3, Barracks  
  130  12:53  Missile Turret x2  
  130  12:55  Marine x2  
  130  12:56  Marine  
  133  12:58  Command Center, Medivac  
  133  12:59  Medivac  
  133  13:00  Supply Depot  
  133  13:02  Terran Infantry Weapons Level 3  
  133  13:03  Terran Infantry Armor Level 3  
  137  13:10  Marine  
  138  13:14  Supply Depot  
  138  13:16  Siege Tank  
  139  13:30  Marine x4  
  139  13:31  Marine x4  
  147  13:44  Supply Depot  
  146  13:51  Marine x4  
  146  13:52  Marine, Barracks Reactor x2  
  146  13:53  Barracks Reactor  
  146  13:54  Marine x2  
  153  13:56  Medivac  
  147  14:09  Marine x5  
  95  14:11  Marine  
  95  14:12  Marine  
  94  14:26  Marine  
  94  14:27  Marine x4  
  94  14:29  Marine x2  
  94  14:36  Marine  
  94  14:37  Marine x5  
  98  14:39  Medivac  
  98  14:44  Marine  
  98  14:45  Marine  
  102  14:46  Marine x3  
  102  14:47  Marine  
  102  14:51  Planetary Fortress  
  106  14:59  Marine x3  
  108  15:00  Marine x4  
  108  15:04  Terran Vehicle Weapons Level 3  
  113  15:08  SCV x2  
  113  15:09  SCV, Marine x2  
  113  15:10  Marine  
  119  15:14  Factory  
  119  15:20  Refinery  
  119  15:23  Refinery  
  119  15:24  Marine x3  
  119  15:25  Marine x5  
  119  15:26  Marine  
  128  15:40  Marine  
  128  15:41  Marine x3  
  128  15:42  Marine  
  133  15:45  Siege Tank  
  136  15:53  SCV  
  136  15:54  SCV  
  136  15:55  Marine x6  
  136  15:56  Marine  
  145  15:57  Factory Tech Lab  
  145  16:06  Marine x3  
  145  16:07  Marine  
  145  16:09  Concussive Shells  
  149  16:15  Marine x3  
  149  16:17  Siege Tank  
  105  16:34  Marine x5  
  105  16:35  Marine x6  
  105  16:36  Marine x2  
  105  16:38  Siege Tank  
  105  16:39  Viking x2  
  121  16:47  Starport  
  121  16:51  Marine  
  121  16:52  Marine x5  
  121  16:53  Marine x4  
  131  16:55  Siege Tank  
  134  17:10  Siege Tank  
  134  17:15  Marine x4  
  128  17:16  Marine x6  
  128  17:17  Marine x3  
  139  17:27  Viking, Starport Reactor  
  139  17:28  Viking  
  145  17:33  Marine x2  
  145  17:34  Thor  
  151  17:38  Marine x3  
  154  17:51  Marine x5  
  155  17:52  Marine x4  
  155  17:57  Viking  
  165  18:05  Marine x4  
  160  18:08  Marine  
  144  18:18  Marine x2  
  144  18:19  Marine x5  
  129  18:20  Thor  
  111  18:32  Marine  
  111  18:33  Marine x5  
  98  18:36  Marine  
  98  18:41  Marine x3  
  86  18:53  Marine  
  86  18:54  Marine x2  
  70  19:04  Marine x3  
  70  19:08  Marine x5  
  70  19:14  Marine x3  
  63  19:26  Marine x3  
  63  19:32  Marine x2  
  63  19:35  Marine x2  
Tags
 
Add a new tag
Caveats
  • Supply blocks, unpowered buildings, or Contaminate may cause inaccurate times.
  • Supply counts are checked every 10 seconds.